[Event "Team 45 45 League 2006 Invitational"]
[Site "Internet Chess Club"]
[Date "2006.12.07"]
[Round "6"]
[White "BrerRabbit"]
[Black "Aquaman"]
[Result "0-1"]
[WhiteElo "1504"]
[BlackElo "1530"]
[TimeControl "2700+45"]

1. d4 Nf6 2. c4 Nc6 3. Nc3 e5 4. d5 Ne7 5. h4 h5 6. e4 Ng6 7. Bg5 Bb4 8. a3 Be7 9. Nf3 d6 10. g3 Bg4 11. Be2 Qd7 12. Qc2 a6 13. Nh2 Bxe2 14. Qxe2 Ng4 15. Bxe7 Nxh2 16. Bg5 Ng4 17. f3 Nf6 18. Kf2 Ng8 19. Kg2 N8e7 20. Rac1 f5 21. Qd2 fxe4 22. fxe4 Qg4 23. Rhf1 O-O-O 24. Bxe7 Nxe7 25. Rf7 Ng6 26. Kh2 Rhg8 27. Qe2 Qxe2+ 28. Nxe2 Nh8 29. Rf5 g6 30. Rf6 g5 31. Rf5 gxh4 32. gxh4 Rdf8 33. Ng3 Rxf5 34. exf5 Rg4 35. Kh3 Nf7 36. Nxh5 Rd4 37. Rc3 Nh6 38. b3 Nxf5 39. Ng3 Rxh4+ 40. Kg2 Nd4 41. Re3 Nc2 42. Re2 Nxa3 43. Rb2 Rd4 44. Kf3 Rd3+ 45. Kf2 Rc3 46. Ne4 Rc2+ 47. Rxc2 Nxc2 {White resigns} 0-1

[Event "Team 45 45 League 2006 Invitational"]
[Site "Internet Chess Club"]
[Date "2006.12.07"]
[Round "6"]
[White "Archaeologist"]
[Black "Grenadier"]
[Result "1/2-1/2"]
[WhiteElo "1615"]
[BlackElo "1607"]
[TimeControl "2700+45"]

1. e4 c6 2. c4 d5 3. cxd5 cxd5 4. Nf3 dxe4 5. Qa4+ Nc6 6. Qxe4 Nf6 7. Qc2 Bg4 8. Be2 Rc8 9. Nc3 e5 10. O-O Be7 11. Re1 O-O 12. a3 Nd4 13. Qd1 Nxe2+ 14. Qxe2 Bd6 15. Ne4 Bb8 16. d3 Qb6 17. h3 Bh5 18. Ng3 Bg6 19. Be3 Qb3 20. Rec1 Qxd3 21. Rxc8 Rxc8 22. Rc1 Rxc1+ 23. Bxc1 Qxe2 24. Nxe2 Nd5 25. Bd2 Kf8 26. Nc3 Nxc3 27. Bxc3 f6 28. Kf1 Bd3+ 29. Ke1 Kf7 30. h4 Bd6 31. Kd2 Bb5 32. b4 Kg6 33. Ke3 Bc7 34. Kd2 Bc6 35. Ke2 Bb5+ 36. Ke1 Kf5 37. Bd4 a6 38. Bc5 e4 39. Nd4+ Kg4 40. Nxb5 axb5 41. Bf8 g6 42. Be7 f5 43. Ke2 Kf4 44. Bf6 Bb6 45. g3+ Kg4 46. Be5 Kh3 47. Kf1 Kg4 48. Ke2 g5 49. hxg5 Kxg5 50. f3 exf3+ 51. Kxf3 h5 52. Bc3 Bc7 53. Bd2+ Kf6 54. Bf4 Bxf4 55. Kxf4 Ke6 56. Kg5 Ke5 57. Kxh5 f4 58. Kg4 fxg3 59. Kxg3 Kd4 60. Kf4 Kc3 61. Ke5 Kb3 62. Kd5 Kxa3 63. Kc5 b6+ 64. Kxb5 Kb3 65. Kxb6 Kxb4 {Game drawn because neither player has mating material} 1/2-1/2

[Event "Team 45 45 League 2006 Invitational"]
[Site "Internet Chess Club"]
[Date "2006.12.08"]
[Round "6"]
[White "WilmaP"]
[Black "wekabird"]
[Result "0-1"]
[WhiteElo "1220"]
[BlackElo "1299"]
[TimeControl "2700+45"]

1. e4 c6 2. d4 d5 3. Nc3 dxe4 4. Nxe4 Bf5 5. Ng3 Bg6 6. h4 h6 7. Nf3 e6 8. h5 Bh7 9. Bd3 Bxd3 10. Qxd3 Qc7 11. Be3 Nd7 12. O-O-O O-O-O 13. Ne4 Ngf6 14. g3 Nxe4 15. Qxe4 Bd6 16. g4 Nf6 17. Qd3 Nxg4 18. Rhg1 Nxe3 19. fxe3 Rhg8 20. e4 Qa5 21. a3 Bf4+ 22. Kb1 Bd6 23. e5 Be7 24. Nd2 c5 25. Nc4 Qc7 26. c3 b5 27. Nd2 c4 28. Qf3 Kb8 29. Qxf7 Qd7 30. Rxg7 Rxg7 31. Qxg7 Bg5 32. Qxd7 Rxd7 33. Ne4 a5 34. Nc5 Re7 35. Na6+ Kb7 36. Nc5+ Kb6 37. Ne4 b4 38. Nxg5 hxg5 39. d5 exd5 40. Rxd5 bxa3 41. Rd6+ Kc5 42. bxa3 Rxe5 43. Ra6 Kb5 44. Ra7 g4 45. h6 Rh5 46. Rb7+ Kc6 47. Rh7 Kd6 48. Rg7 Rxh6 49. Rxg4 Rh1+ 50. Kb2 Rh2+ 51. Kc1 Kd5 52. Rg5+ Ke4 53. Rxa5 Kd3 54. Rd5+ Kxc3 55. a4 Ra2 56. a5 Ra1# {White checkmated} 0-1

[Event "Team 45 45 League 2006 Invitational"]
[Site "Internet Chess Club"]
[Date "2006.12.08"]
[Round "6"]
[White "JimGaming"]
[Black "Fogbound"]
[Result "1/2-1/2"]
[WhiteElo "1351"]
[BlackElo "1382"]
[TimeControl "2700+45"]

1. e4 d5 2. exd5 Qxd5 3. Nf3 Bg4 4. Nc3 Qd8 5. h3 Bh5 6. Be2 Nf6 7. d3 Nc6 8. Bg5 h6 9. Bh4 e6 10. Qd2 Bb4 11. O-O-O Qe7 12. g4 g5 13. Bg3 Bg6 14. Ne5 O-O-O 15. Nxc6 bxc6 16. Qe3 Bc5 17. Qf3 Kb7 18. Be5 Bd4 19. Bxd4 Rxd4 20. Qg2 Rb8 21. Bf3 Kc8 22. Bxc6 Rxb2 23. Bd7+ Nxd7 24. Kxb2 Qb4+ 25. Kc1 Qxc3 26. Qa8+ Nb8 27. Qxa7 Rf4 28. Qe3 Qa1+ 29. Kd2 Qf6 30. Rhf1 Rf3 31. Qe2 Qf4+ 32. Ke1 Qb4+ 33. Qd2 Qd6 34. Qe2 Qb4+ 35. Rd2 Qb1+ 36. Rd1 Qb4+ 37. Rd2 {Game drawn by mutual agreement} 1/2-1/2

[Event "Team 45 45 League 2006 Invitational"]
[Site "Internet Chess Club"]
[Date "2006.12.08"]
[Round "6"]
[White "QuaqQuao"]
[Black "Changuito-77"]
[Result "0-1"]
[WhiteElo "1676"]
[BlackElo "1738"]
[TimeControl "2700+45"]

1. Nf3 d5 2. c4 e6 3. g3 c5 4. Bg2 Nc6 5. O-O Nf6 6. cxd5 exd5 7. d3 Be7 8. Bg5 O-O 9. Qc2 Be6 10. a3 h6 11. Bxf6 Bxf6 12. Nc3 Qd7 13. Rad1 Rac8 14. Qd2 Na5 15. Nxd5 Bxd5 16. Qxa5 b6 17. Qd2 Qb5 18. Rb1 Ba2 19. Ra1 Bb3 20. Rfc1 Rfe8 21. Ne1 a5 22. Bf3 Rcd8 23. Rcb1 Bg5 24. e3 Re7 25. Bd1 Bd5 26. a4 Qc6 27. Ra3 Rde8 28. f4 Rxe3 29. Bb3 Re2 30. Bxd5 Qxd5 31. Qc3 Bf6 32. Qc4 Bd4+ {White resigns} 0-1

[Event "Team 45 45 League 2006 Invitational"]
[Site "Internet Chess Club"]
[Date "2006.12.08"]
[Round "6"]
[White "Avedldesierto"]
[Black "Sean"]
[Result "1-0"]
[WhiteElo "1740"]
[BlackElo "1567"]
[TimeControl "2700+45"]

1. b3 Nf6 2. Bb2 d6 3. h3 g6 4. e3 Bg7 5. c4 e5 6. Nc3 Nbd7 7. Bd3 O-O 8. Nge2 Nc5 9. Bc2 b6 10. d4 exd4 11. exd4 Ncd7 12. O-O Bb7 13. d5 Re8 14. Nd4 Ne5 15. Nf3 Nxf3+ 16. Qxf3 a6 17. Rfe1 Qd7 18. Re2 Rxe2 19. Nxe2 Nh5 20. Nd4 Re8 21. Bc3 Be5 22. Re1 Ng7 23. Ne2 Bxc3 24. Qxc3 Re5 25. Ng3 Rxe1+ 26. Qxe1 Qe8 27. Ne4 Qe5 28. Qe2 f5 29. Ng3 Qxe2 30. Nxe2 Kf7 31. Nd4 Kf6 32. g3 Ke5 33. Nf3+ Kf6 34. Kf1 Bc8 35. Nd4 Bd7 36. f4 Kf7 37. Kf2 Kf6 38. Bd3 a5 39. a3 Ke7 40. b4 axb4 41. axb4 Kf6 42. c5 bxc5 43. bxc5 dxc5 44. Nb3 Ke7 45. Nxc5 Kd6 46. Nxd7 Kxd7 47. Bc4 Kd6 48. Ke3 Kc5 49. Ba2 Ne8 50. g4 fxg4 51. hxg4 Nf6 52. f5 gxf5 53. gxf5 Nxd5+ 54. Ke4 Nf6+ 55. Ke5 Nd7+ 56. Ke6 Nf8+ 57. Ke7 h5 58. Be6 h4 59. f6 Ng6+ 60. Kd7 Nf8+ 61. Ke7 Ng6+ 62. Kd8 Nf8 63. Bf5 Kd6 64. f7 c5 65. Ke8 h3 66. Kxf8 h2 67. Be4 c4 68. Ke8 Ke5 69. Bh1 c3 70. f8=Q c2 71. Qc5+ {Black resigns} 1-0

[Event "Team 45 45 League 2006 Invitational"]
[Site "Internet Chess Club"]
[Date "2006.12.08"]
[Round "6"]
[White "RingLord"]
[Black "Fegary"]
[Result "0-1"]
[WhiteElo "1689"]
[BlackElo "1717"]
[TimeControl "2700+45"]

1. e4 d6 2. d4 Nf6 3. Nc3 g6 4. f4 Bg7 5. Nf3 c6 6. Be3 Qb6 7. Qd2 Qxb2 8. Rb1 Qa3 9. h3 O-O 10. Bd3 d5 11. e5 Ne8 12. g4 e6 13. h4 f5 14. gxf5 gxf5 15. h5 h6 16. Rg1 Nd7 17. Nh4 Rf7 18. Ng6 Nb6 19. Bf2 Nc4 20. Bxc4 dxc4 21. Bh4 b5 22. Rg2 a5 23. Kf2 b4 24. Ne2 Qxa2 25. Rbg1 Raa7 26. Ng3 b3 27. Nxf5 exf5 28. Bf6 Nxf6 29. exf6 Rxf6 30. Qe2 Qxc2 31. Qxc2 bxc2 32. Rc1 Rd6 33. Ne5 Rxd4 34. Rxc2 Rxf4+ 35. Kg1 Kh7 36. Nxc6 Rd7 37. Nxa5 Rd1+ 38. Kh2 Be5 39. Kh3 Rf3+ 40. Kh4 Rd4+ {White resigns} 0-1

[Event "Team 45 45 League 2006 Invitational"]
[Site "Internet Chess Club"]
[Date "2006.12.08"]
[Round "6"]
[White "Mutaant"]
[Black "BraafPaard"]
[Result "1-0"]
[WhiteElo "1475"]
[BlackElo "1531"]
[TimeControl "2700+45"]

1. e4 e5 2. Nf3 Nc6 3. Bb5 Nf6 4. Nc3 d6 5. d3 Bg4 6. h3 Bd7 7. Bg5 Be7 8. O-O O-O 9. a3 Nd4 10. Nxd4 exd4 11. Bxd7 Qxd7 12. Ne2 c5 13. f4 h6 14. Bh4 Rfe8 15. b3 Nh7 16. Qe1 f5 17. Bxe7 Rxe7 18. Ng3 fxe4 19. Nxe4 b6 20. Qg3 d5 21. Nf2 Re2 22. Rac1 Rae8 23. Ng4 R2e7 24. Nxh6+ Kh8 25. Ng4 Qf5 26. Qh4 Re6 27. g3 Kg8 28. Kf2 Nf8 29. Rce1 Ng6 30. Qg5 Qxg5 31. fxg5 R6e7 32. Rxe7 Nxe7 33. Re1 Kf8 34. Ne5 Nf5 35. Ng6+ Kf7 36. Rxe8 Kxe8 37. Ne5 Ne3 38. Nc6 a6 39. b4 c4 40. Nxd4 cxd3 41. Kxe3 {Black resigns} 1-0

[Event "Team 45 45 League 2006 Invitational"]
[Site "Internet Chess Club"]
[Date "2006.12.08"]
[Round "6"]
[White "fabill"]
[Black "t-hobbes"]
[Result "0-1"]
[WhiteElo "1216"]
[BlackElo "1257"]
[TimeControl "2700+45"]

1. d4 d5 2. h3 Nf6 3. Nc3 Nc6 4. e3 Bf5 5. a3 e5 6. dxe5 Nxe5 7. Bb5+ Nc6 8. Nf3 Bc5 9. O-O O-O 10. Bd3 Be6 11. Ne2 Qe7 12. b4 Bd6 13. Bb2 Rfd8 14. Nf4 Bd7 15. Bxf6 Qxf6 16. Nxd5 Qe6 17. Nf4 Qe8 18. Ng5 g6 19. Re1 Be5 20. Rb1 Bf6 21. Ne4 Bg7 22. Qf3 Ne5 23. Qe2 Nxd3 24. cxd3 Bb5 25. Red1 a5 26. Qa2 axb4 27. Rxb4 Bc6 28. Ne2 Qe5 29. N2g3 Bb5 30. d4 Qe7 31. Nc5 c6 32. Rdb1 b6 33. Nce4 Bf8 34. Nc3 Bd3 35. R1b2 c5 36. Rxb6 cxd4 37. exd4 Rxa3 38. Qxa3 Qxa3 39. Nd1 Qa1 40. Kh2 Qxd1 41. Ra2 Bc4 42. Rb7 Bxa2 {White resigns} 0-1

[Event "Team 45 45 League 2006 Invitational"]
[Site "Internet Chess Club"]
[Date "2006.12.09"]
[Round "6"]
[White "Kingofknights"]
[Black "GrandPoobah069"]
[Result "0-1"]
[WhiteElo "1659"]
[BlackElo "1687"]
[TimeControl "2700+45"]

1. d4 Nf6 2. c4 c5 3. d5 b5 4. cxb5 a6 5. b6 Qxb6 6. Nc3 d6 7. e4 Nbd7 8. a4 g6 9. a5 Qc7 10. f4 Bg7 11. Bc4 O-O 12. Nf3 Rb8 13. O-O Rb4 14. Qe2 Qb7 15. Ra2 Qa7 16. e5 dxe5 17. fxe5 Ng4 18. e6 Nde5 19. Nxe5 Nxe5 20. exf7+ Rxf7 21. Rxf7 Kxf7 22. Ra4 Nxc4 23. Qf2+ Kg8 24. Rxb4 Bd4 25. Rxc4 Bxf2+ 26. Kxf2 Qc7 27. Bd2 Qxa5 28. Ne4 Qa2 29. Rxc5 Bf5 30. Ng3 Qxb2 31. Ke1 Qe5+ 32. Kf2 Qb2 33. Ke1 Bd3 34. Rc8+ Kf7 35. Ne2 Bxe2 36. Kxe2 Qe5+ 37. Kf2 Qf5+ {White resigns} 0-1

[Event "Team 45 45 League 2006 Invitational"]
[Site "Internet Chess Club"]
[Date "2006.12.09"]
[Round "6"]
[White "crankn8tr"]
[Black "RD1974"]
[Result "1/2-1/2"]
[WhiteElo "1604"]
[BlackElo "1654"]
[TimeControl "2700+45"]

1. e4 c5 2. Nf3 Nc6 3. d4 cxd4 4. Nxd4 Nf6 5. Nc3 e6 6. Be3 Bb4 7. Be2 Nxe4 8. Nxc6 bxc6 9. Qd4 Bxc3+ 10. bxc3 Nf6 11. O-O d5 12. Qc5 Bd7 13. Rab1 Qe7 14. Qxe7+ Kxe7 15. Bc5+ Kd8 16. f3 Kc7 17. Rb3 Rhb8 18. Rfb1 Rxb3 19. Rxb3 Bc8 20. Kf2 Nd7 21. Bb4 a5 22. Ba3 Ba6 23. Bd3 c5 24. Rb1 c4 25. Be2 Kc6 26. Bc1 Nc5 27. Be3 Na4 28. Bd4 g6 29. f4 Nc5 30. Bf3 Ra7 31. Rb8 a4 32. a3 Rc7 33. Ke3 Nd7 34. Rb4 Bb5 35. g4 Rb7 36. g5 Nb8 37. h4 Kd7 38. h5 Nc6 39. Rb1 Ne7 40. Bg4 Nc6 41. hxg6 hxg6 42. Rh1 Nxd4 43. Kxd4 Kd6 44. Rh7 Be8 45. Rh8 Ke7 46. f5 exf5 47. Bf3 Rb2 48. Bxd5 Ra2 49. Bxc4 Rxa3 50. Rh7 Ra1 51. Rh8 Rg1 52. Rh2 Rxg5 53. Re2+ Kf8 54. Ke5 Bc6 55. Kf6 Rg4 56. Rh2 Ke8 57. Bxf7+ Kd7 58. Bxg6 f4 59. Bf5+ Kd6 60. Bxg4 f3 61. Bxf3 Bxf3 62. Rh4 Bc6 63. Rb4 Bd7 64. Kg5 Ke5 65. Kh4 Bc6 66. Kg3 Kd5 67. Kf2 Ke5 68. Ke3 Kd5 69. Kd2 Kc5 70. Kc1 Kd5 71. Kb2 Kd6 72. Ka3 Kc5 73. Rxa4 Bxa4 74. Kxa4 Kc4 75. Ka3 Kxc3 76. Ka2 Kxc2 {Game drawn because neither player has mating material} 1/2-1/2

[Event "Team 45 45 League 2006 Invitational"]
[Site "Internet Chess Club"]
[Date "2006.12.09"]
[Round "6"]
[White "rgadoury"]
[Black "dougmo"]
[Result "0-1"]
[WhiteElo "1336"]
[BlackElo "1560"]
[TimeControl "2700+45"]

1. e4 e6 2. d4 d5 3. e5 c5 4. Ne2 Nc6 5. c3 Qb6 6. b3 cxd4 7. cxd4 Bd7 8. Be3 Bb4+ 9. Bd2 Nge7 10. Bxb4 Qxb4+ 11. Qd2 Nf5 12. Qxb4 Nxb4 13. Kd1 Nd3 14. Rg1 Nxf2+ 15. Kd2 Ne4+ 16. Kc2 Rc8+ 17. Kb2 Ke7 18. h3 Ne3 19. Nbc3 Nd2 20. Ng3 Nexf1 21. Nxf1 Nxf1 22. Raxf1 Rc7 23. Rc1 Rhc8 24. Rge1 b5 25. b4 Rc4 26. Nxd5+ exd5 27. Rxc4 Rxc4 28. Rc1 Rxb4+ 29. Kc3 Rc4+ {White resigns} 0-1

[Event "Team 45 45 League 2006 Invitational"]
[Site "Internet Chess Club"]
[Date "2006.12.09"]
[Round "6"]
[White "Rubacchus"]
[Black "Just-Jim"]
[Result "1-0"]
[WhiteElo "1419"]
[BlackElo "1436"]
[TimeControl "2700+45"]

1. e4 e5 2. f4 exf4 3. Nf3 Bc5 4. d4 Bb4+ 5. c3 Ba5 6. Bc4 Qe7 7. O-O h6 8. Ne5 Nf6 9. Bxf7+ Kf8 10. Rxf4 d6 11. Ng6+ Kxf7 12. Nxe7 Bg4 13. Qxg4 Rh7 14. Nd5 Na6 15. Nxf6 gxf6 16. Qh5+ Ke7 17. Qxa5 c6 18. Qh5 Nc7 19. Rf5 Ne6 20. Bxh6 Rah8 21. Rxf6 Kxf6 22. Qf5+ Ke7 23. Bg5+ Kd7 24. h3 Rg7 25. Nd2 Rf8 26. Qg4 Rxg5 27. Qh4 Rg7 28. Rf1 Rfg8 29. Rf2 Kc7 30. d5 Ng5 31. Rf5 cxd5 32. exd5 Rh7 33. Qxh7+ Nxh7 34. Rf7+ Kb6 35. Rxh7 Re8 36. Kf2 Re5 37. c4 Rf5+ 38. Ke3 Re5+ 39. Kd3 Re1 40. g4 Rg1 41. b4 Rg3+ 42. Kd4 Rg2 43. c5+ dxc5+ 44. bxc5+ Ka6 45. Ke3 Rg3+ 46. Nf3 Rg2 47. g5 Rxa2 48. Rh6+ Kb5 49. g6 Ra6 50. Kd4 Rf6 51. Ne5 Rf4+ 52. Ke3 Rf8 53. h4 a5 54. Rh7 Rg8 55. Rxb7+ Kxc5 56. Ke4 a4 57. h5 a3 58. h6 a2 59. Ra7 Rb8 60. Rxa2 Rb4+ 61. Kf5 Kxd5 62. Ra5+ Kd6 63. g7 Rb8 64. h7 Rb1 65. Ra6+ Ke7 66. Re6+ Kd8 {Black resigns} 1-0

[Event "Team 45 45 League 2006 Invitational"]
[Site "Internet Chess Club"]
[Date "2006.12.09"]
[Round "6"]
[White "katabatico"]
[Black "Prop"]
[Result "0-1"]
[WhiteElo "1203"]
[BlackElo "1192"]
[TimeControl "2700+45"]

1. e4 e5 2. Nf3 Nc6 3. Bb5 Nf6 4. O-O Nxe4 5. d4 exd4 6. Re1 d5 7. Nxd4 Bd7 8. Nxc6 bxc6 9. Ba4 Be7 10. c3 O-O 11. Bc2 Bc5 12. Be3 Bxe3 13. Rxe3 Re8 14. Nd2 Bf5 15. f3 Nd6 16. Rxe8+ Qxe8 17. Ba4 Qe3+ 18. Kh1 Bd7 19. Nf1 Qf2 20. Qd2 Qh4 21. Re1 Qxa4 22. Ng3 Re8 23. Rg1 Qxa2 24. Nh5 Re6 25. Qd4 Rg6 26. Nf4 Re6 27. Nh5 f6 28. Qg4 Re7 29. Nxf6+ Kf7 30. Nxh7 Bxg4 {White resigns} 0-1

[Event "Team 45 45 League 2006 Invitational"]
[Site "Internet Chess Club"]
[Date "2006.12.09"]
[Round "6"]
[White "Cataclysm"]
[Black "Conjurer"]
[Result "0-1"]
[WhiteElo "1275"]
[BlackElo "1341"]
[TimeControl "2700+45"]

1. e4 c5 2. Nf3 d6 3. d4 cxd4 4. Nxd4 Nf6 5. Nc3 a6 6. Bd3 Nbd7 7. Bg5 e6 8. Qd2 Be7 9. Bxf6 Bxf6 10. Nf3 Nc5 11. Qe2 b5 12. Bxb5+ axb5 13. Qxb5+ Bd7 14. Qe2 Qa5 15. Qd2 Bxc3 16. Qxc3 Qxc3+ 17. bxc3 Nxe4 18. Rb1 Nxc3 19. Rb6 Ke7 20. Nd4 Rhb8 21. Rxb8 Rxb8 22. O-O Rb1 23. Rxb1 Nxb1 24. c4 Nd2 25. Nb5 Nxc4 26. Nc3 d5 27. a4 Kd6 28. f4 f5 29. Kf2 Kc5 30. Ke2 Kb4 31. Kd3 Nb6 32. Kd4 Nxa4 33. Nxa4 Bxa4 34. h4 h5 35. Ke5 Kc4 36. Kxe6 g6 37. Kf7 d4 38. Kxg6 Be8+ 39. Kxf5 d3 40. g4 d2 41. g5 d1=Q {White resigns} 0-1

[Event "Team 45 45 League 2006 Invitational"]
[Site "Internet Chess Club"]
[Date "2006.12.09"]
[Round "6"]
[White "Warpdrive"]
[Black "chiiwen"]
[Result "0-1"]
[WhiteElo "1507"]
[BlackElo "1709"]
[TimeControl "2700+45"]

1. d4 f5 2. Nf3 Nf6 3. e3 g6 4. Bd3 Bg7 5. Nbd2 O-O 6. O-O d5 7. c4 c6 8. Ne5 Nbd7 9. Ndf3 Ne4 10. b3 Nxe5 11. Nxe5 Be6 12. f3 Nd6 13. c5 Nf7 14. f4 Nxe5 15. fxe5 b5 16. b4 a5 17. Bd2 a4 18. a3 Bf7 19. Qe2 Rb8 20. Rf2 e6 21. g4 Qe7 22. Kh1 Rb7 23. Rg1 Be8 24. gxf5 exf5 25. Qf1 Bd7 26. Qg2 Kh8 27. Qg5 Qxg5 28. Rxg5 Bh6 29. Rg1 Be6 30. Be2 Rbf7 31. Rgf1 f4 32. exf4 Bh3 33. Rd1 Bxf4 34. Bxf4 Rxf4 35. Rxf4 Rxf4 36. Rd3 Bf5 37. Rd2 Kg7 38. Kg2 Kf7 39. Kg3 Re4 40. Kf2 Rh4 41. Kg3 Rh3+ 42. Kf4 Rxa3 43. Bxb5 cxb5 44. Rd1 Rc3 45. Kg5 a3 46. Ra1 Kg7 47. c6 h6+ 48. Kh4 Rh3# {White checkmated} 0-1

[Event "Team 45 45 League 2006 Invitational"]
[Site "Internet Chess Club"]
[Date "2006.12.09"]
[Round "6"]
[White "Wheels"]
[Black "parrot9"]
[Result "1-0"]
[WhiteElo "1737"]
[BlackElo "1705"]
[TimeControl "2700+45"]

1. e4 c5 2. Nc3 Nc6 3. f4 e6 4. Nf3 d5 5. Bb5 Bd7 6. exd5 exd5 7. Nxd5 a6 8. Be2 Be6 9. Nc3 Bd6 10. d3 Nf6 11. O-O Qb6 12. Rb1 O-O 13. h3 h6 14. Be3 Qc7 15. a3 Bxf4 16. Bxc5 Rfe8 17. Re1 Ne5 18. Bf2 Ng6 19. Bf1 Bg3 20. Ne4 Nxe4 21. Rxe4 Rac8 22. c3 Bxf2+ 23. Kxf2 Bd5 24. Rxe8+ Rxe8 25. Qd2 Bxf3 26. Kxf3 Nh4+ 27. Kf2 Qc5+ 28. Kg3 Nf5+ 29. Kh2 Qd6+ 30. Kg1 Qb6+ 31. d4 Re3 32. Bd3 Qe6 33. Bxf5 Qxf5 34. Re1 Rd3 35. Qf2 Qg5 36. Re8+ Kh7 37. Kh2 Rd2 38. Re2 Rd3 39. Re5 Qg6 40. Qf5 Rd2 41. Qxg6+ Kxg6 42. b4 Rb2 43. Re3 b5 44. Rd3 Kf6 45. d5 Ke7 46. d6+ Kd7 47. Kg3 Re2 48. Kf3 Re6 49. g4 Rxd6 50. Rxd6+ Kxd6 51. Ke4 Kc6 52. Ke5 f6+ 53. Ke6 h5 54. gxh5 Kb6 55. h6 gxh6 56. Kxf6 Kc6 57. Ke5 Kd7 58. Kf6 Kc6 59. Kg6 Kd5 60. Kxh6 Kc4 61. Kg6 Kxc3 62. h4 Kb3 63. h5 Kxa3 64. h6 Kxb4 65. h7 a5 66. h8=Q a4 67. Qb2+ Kc5 68. Qc3+ Kb6 69. Qb4 Kc6 70. Kf5 Kb6 71. Ke4 Kc6 72. Ke5 Kb6 73. Kd5 {Black resigns} 1-0

[Event "Team 45 45 League 2006 Invitational"]
[Site "Internet Chess Club"]
[Date "2006.12.09"]
[Round "6"]
[White "Havoc"]
[Black "guyd52"]
[Result "1-0"]
[WhiteElo "1592"]
[BlackElo "1298"]
[TimeControl "2700+45"]

1. e4 d6 2. d4 Nf6 3. Nc3 g6 4. Nf3 Bg7 5. h3 O-O 6. Be3 Nbd7 7. Bd3 e5 8. dxe5 Nxe5 9. Nxe5 dxe5 10. Qf3 Be6 11. Bg5 h6 12. Be3 Nd7 13. Be2 Qe7 14. O-O-O c6 15. Rd2 Rfd8 16. Rhd1 Bf8 17. Qg3 Qf6 18. Bg4 Bb4 19. Bxe6 Qxe6 20. Qg4 Qxg4 21. hxg4 Bxc3 22. bxc3 b6 23. Bxh6 f6 24. Rxd7 Rxd7 25. Rxd7 g5 26. Bg7 Kh7 27. Bxf6+ Kg6 28. Rd6 Re8 29. Rxc6 Kh6 30. Be7+ Kg7 31. Bxg5 Kf7 32. Bf6 Re6 33. Rxe6 Kxe6 34. Bxe5 Kxe5 35. g5 Ke6 36. Kd2 Kf7 37. Kd3 Kg6 38. Kd4 Kxg5 39. Ke5 a5 40. c4 Kg6 41. g3 Kg5 42. f3 Kg6 43. a4 Kf7 44. Kd6 Kf6 45. e5+ {Black resigns} 1-0

[Event "Team 45 45 League 2006 Invitational"]
[Site "Internet Chess Club"]
[Date "2006.12.09"]
[Round "6"]
[White "mickeys"]
[Black "hansolo1000"]
[Result "0-1"]
[WhiteElo "1672"]
[BlackElo "1753"]
[TimeControl "2700+45"]

1. d4 c5 2. d5 g6 3. c4 d6 4. Nc3 Bg7 5. e4 Nd7 6. Nf3 Ngf6 7. h3 O-O 8. Bd3 a6 9. a4 e6 10. O-O exd5 11. exd5 h6 12. Bf4 Qc7 13. Re1 Nh5 14. Bh2 Ne5 15. Nxe5 dxe5 16. g4 Nf4 17. Bxf4 exf4 18. Qf3 Be5 19. Rad1 Bd7 20. Be4 Bd6 21. Bc2 Be5 22. b3 f5 23. Re2 fxg4 24. hxg4 Bxc3 25. Qxc3 Bxg4 26. f3 Bf5 27. d6 Qd8 28. Re7 Rf7 29. Re5 Qg5+ 30. Kf2 Qg3+ 31. Kf1 Bxc2 32. Qxc2 Qxf3+ 33. Ke1 Rf6 34. d7 Qg3+ 35. Kf1 Qf3+ 36. Kg1 Qg4+ 37. Kh1 Rff8 38. Rd6 Qh3+ 39. Kg1 Qg3+ 40. Qg2 Qxg2+ 41. Kxg2 Kf7 42. Rxc5 f3+ 43. Kf2 Ke7 44. Rxg6 Kxd7 45. Rxh6 Rae8 46. Rh7+ Kd8 47. Rxb7 Re2+ 48. Kg3 Rg2+ 49. Kh4 Rh8+ 50. Rh5 Rh2+ 51. Kg4 R2xh5 52. Kxf3 Kc8 53. Rb6 R8h6 54. Rxh6 Rxh6 55. b4 Rh4 {White resigns} 0-1

[Event "Team 45 45 League 2006 Invitational"]
[Site "Internet Chess Club"]
[Date "2006.12.10"]
[Round "6"]
[White "charles-allen"]
[Black "Invicta-Knight"]
[Result "1/2-1/2"]
[WhiteElo "1662"]
[BlackElo "1516"]
[TimeControl "2700+45"]

1. e4 d5 2. d4 dxe4 3. Nc3 e5 4. dxe5 Qxd1+ 5. Kxd1 Bg4+ 6. Be2 Bxe2+ 7. Kxe2 Nc6 8. Be3 O-O-O 9. Rd1 Rxd1 10. Kxd1 Nxe5 11. Nxe4 Nc4 12. Bd4 Ne7 13. Nf3 Nc6 14. Bc3 f6 15. Nfd2 Nxd2 16. Bxd2 f5 17. Nc3 Bc5 18. f3 Rd8 19. Kc1 g6 20. Rd1 Ne5 21. Bg5 Rxd1+ 22. Nxd1 Kd7 23. Kd2 Nc4+ 24. Kc3 b5 25. b3 Nd6 26. Be3 b4+ 27. Kd2 Bxe3+ 28. Nxe3 Ke6 29. Kd3 c5 30. c4 {Game drawn by mutual agreement} 1/2-1/2

[Event "Team 45 45 League 2006 Invitational"]
[Site "Internet Chess Club"]
[Date "2006.12.10"]
[Round "6"]
[White "kingfischer57"]
[Black "qs16"]
[Result "1/2-1/2"]
[WhiteElo "1778"]
[BlackElo "1745"]
[TimeControl "2700+45"]

1. d4 Nf6 2. c4 e6 3. Nc3 b6 4. Nf3 Bb7 5. e3 Be7 6. Bd3 O-O 7. O-O d5 8. b3 Nbd7 9. cxd5 Nxd5 10. Bb2 f5 11. Rc1 c5 12. Nxd5 Bxd5 13. Bc4 Bf6 14. Bxd5 exd5 15. Qd2 Rc8 16. Rfd1 c4 17. bxc4 dxc4 18. Qb4 Be7 19. Qa4 Qc7 20. Rc3 Kh8 21. Rdc1 Qb7 22. Qc2 b5 23. h3 Qa6 24. Qb1 b4 25. R3c2 Qe6 26. Ba1 Qd5 27. Nd2 Nb6 28. Nf3 Nd7 29. Nd2 Nb6 30. Nf3 Nd7 {Game drawn by repetition} 1/2-1/2

[Event "Team 45 45 League 2006 Invitational"]
[Site "Internet Chess Club"]
[Date "2006.12.10"]
[Round "6"]
[White "alaskauk"]
[Black "Fineas-Fogg"]
[Result "0-1"]
[WhiteElo "1533"]
[BlackElo "1450"]
[TimeControl "2700+45"]

1. e4 e6 2. d4 d5 3. Nc3 Bb4 4. e5 c5 5. a3 Bxc3+ 6. bxc3 Ne7 7. Bg5 Nbc6 8. Bb5 Qa5 9. Bxc6+ Nxc6 10. Bd2 b6 11. c4 Qa6 12. cxd5 exd5 13. dxc5 Nxe5 14. cxb6 axb6 15. Bc3 f6 16. Qxd5 Bb7 17. Qe6+ Kd8 18. Rd1+ Kc7 19. Qd6+ Kc8 20. Bxe5 fxe5 21. Rd3 Qa5+ 22. Kd1 Bxg2 23. Qd7+ Kb8 24. Qd6+ Kc8 25. Qd7+ Kb8 26. Qxg7 Bxh1 27. Qxh8+ Ka7 28. Qxh7+ Bb7 29. Ne2 e4 30. Rb3 Rd8+ 31. Kc1 Qe1+ 32. Kb2 Qxe2 33. Re3 Qb5+ 34. Rb3 Qe5+ 35. Ka2 Ka6 36. Qh6 Qc5 37. Qc1 Bd5 38. Qb2 Bxb3+ 39. Qxb3 Qd5 40. Kb2 Qxb3+ {White resigns} 0-1

[Event "Team 45 45 League 2006 Invitational"]
[Site "Internet Chess Club"]
[Date "2006.12.10"]
[Round "6"]
[White "FiendAngelical"]
[Black "jacknor"]
[Result "1-0"]
[WhiteElo "1639"]
[BlackElo "1560"]
[TimeControl "2700+45"]

1. d4 Nf6 2. c4 g6 3. Nc3 Bg7 4. e4 d6 5. f3 c5 6. dxc5 dxc5 7. Qxd8+ Kxd8 8. Be3 b6 9. O-O-O+ Ke8 10. Nb5 Na6 11. e5 Ng8 12. f4 f6 13. exf6 Nxf6 14. Be2 Bb7 15. Bf3 Bxf3 16. Nxf3 Nh5 17. g4 Nf6 18. h3 Nd7 19. Rhe1 Rd8 20. Ng5 Nf8 21. Rxd8+ {Black resigns} 1-0

[Event "Team 45 45 League 2006 Invitational"]
[Site "Internet Chess Club"]
[Date "2006.12.10"]
[Round "6"]
[White "Rainbird"]
[Black "tourettes"]
[Result "1-0"]
[WhiteElo "1782"]
[BlackElo "1813"]
[TimeControl "2700+45"]

1. d4 Nf6 2. c4 e6 3. Nc3 Bb4 4. e3 Ne4 5. Qc2 Nxc3 6. bxc3 Be7 7. Bd3 g6 8. Nf3 O-O 9. h4 f5 10. e4 b6 11. Bh6 Re8 12. h5 Bb7 13. hxg6 hxg6 14. O-O-O d6 15. exf5 Bxf3 16. gxf3 Bg5+ 17. f4 Bxh6 18. Rxh6 gxf5 19. Rg1+ Kf7 20. Bxf5 Rh8 21. Bxe6+ {Black resigns} 1-0

[Event "Team 45 45 League 2006 Invitational"]
[Site "Internet Chess Club"]
[Date "2006.12.10"]
[Round "6"]
[White "kamu"]
[Black "pokerram"]
[Result "1-0"]
[WhiteElo "1743"]
[BlackElo "1682"]
[TimeControl "2700+45"]

1. d4 Nf6 2. c4 g6 3. Nf3 d5 4. Nc3 Bg7 5. cxd5 Nxd5 6. e4 Nxc3 7. bxc3 c5 8. Be3 cxd4 9. cxd4 O-O 10. Rb1 b6 11. Bc4 Bb7 12. Qd3 Nc6 13. O-O Na5 14. Ba6 Qd7 15. Bxb7 Qxb7 16. Nd2 Rac8 17. Rfc1 Rxc1+ 18. Rxc1 Rc8 19. Rxc8+ Qxc8 20. d5 Qc1+ 21. Qf1 Qc2 22. Qa6 Qc7 23. Qb5 Qc8 24. Qb4 Bf8 25. Qb2 Bg7 26. Qa3 Bf8 27. Qd3 Bg7 28. h3 Qc1+ 29. Kh2 Qc7+ 30. f4 Nb7 31. Qc4 Qb8 32. e5 g5 33. Nf3 Na5 34. Qe4 gxf4 35. Bxf4 Qf8 36. Ng5 f5 37. exf6 {Black resigns} 1-0